 Dungeon Crawl Stone Soup version 0.31.0-1-g2c135a0 (webtiles) character file.

Game seed: 17504908102764649304

63 jagoly the Shooter (level 3, -3/30 HPs)
             Began as a Demigod Hunter on Feb 4, 2024.
             Slain by Terence
             ... wielding a +0 trident
              (4 damage)
             ... on level 2 of the Dungeon.
             The game lasted 00:09:57 (1413 turns).

jagoly the Shooter (Demigod Hunter)                 Turns: 1413, Time: 00:09:58

Health: -3/30      AC:  4    Str: 12    XL:     3   Next: 61%
Magic:  5/5        EV: 13    Int: 11    God:
Gold:   73         SH:  0    Dex: 21    Spells: 2/2 levels left

rFire   . . .        a - +0 shortbow
rCold   . . .        (shield currently unavailable)
rNeg    . . .        g - +0 robe
rPois   .            (no helmet)
rElec   .            (no cloak)
rCorr   .            n - +1 pair of gloves
SInv    .            (no boots)
Will    .....        (no amulet)
Stlth   ++           (no ring)
HPRegen 0.25/turn    (no ring)
MPRegen 0.09/turn

%: no passive effects
@: mighty
A: high MP 1, forlorn, divine attributes
a: no special abilities


You were on level 2 of the Dungeon.
You visited 1 branch of the dungeon, and saw 3 of its levels.

You collected 73 gold pieces.

Inventory:

Hand Weapons
 a - a +0 shortbow (weapon)
 j - a +0 dagger
Missiles
 l - a throwing net
Armour
 d - a +0 chain mail of cold resistance
 e - a +0 pair of gloves
 g - a +0 robe (worn)
 n - a +1 pair of gloves (worn)
Jewellery
 r - a ring of ice
Scrolls
 b - 3 scrolls of butterflies
 f - 3 scrolls of teleportation {unknown}
 h - 2 scrolls of fear {unknown}
 k - 2 scrolls of identify {unknown}
 m - a scroll of immolation {unknown}
 o - a scroll of fog {unknown}
 q - 2 scrolls of amnesia {unknown}
 s - a scroll of enchant armour {unknown}
Potions
 i - a potion of heal wounds {unknown}
 p - a potion of berserk rage {unknown}


   Skills:
 + Level 2.4 Fighting
 * Level 4.3 Ranged Weapons
 - Level 2.0 Dodging
 + Level 1.8 Stealth


You had 2 spell levels left.
You didn't know any spells.
Your spell library was empty.

Dungeon Overview and Level Annotations

Branches:
Dungeon (3/15) Zot: 16555

Annotations:
D:1 exclusion: gnoll
D:2 Sigmund, Terence


Innate Abilities, Weirdness & Mutations

You have an increased reservoir of magic. (+10% MP)
You shall have no god before yourself.
Your divine heritage dramatically boosts your attributes as you level up.


Message History

The slug dart hits you.
You shoot an arrow. The arrow hits the dart slug.
The dart slug is severely wounded.
A bat comes into view.
You shoot an arrow.
The arrow hits the dart slug but does no damage.
The dart slug is severely wounded.
The dart slug launches a dart at you. The slug dart hits you.
You shoot an arrow.
The arrow completely misses the dart slug.
You shoot an arrow. The arrow hits the dart slug.
You kill the dart slug!
You shoot an arrow. The arrow hits the bat!
You kill the bat!
You hear a loud squeak.
A bat comes into view.
The bat moves out of view.
A rat comes into view.
The rat squeaks loudly.
The rat closely misses you.
You shoot an arrow. The arrow barely misses the rat.
The rat completely misses you.
You shoot an arrow. The arrow hits the rat.
You kill the rat!
No target in view!
No target in view!
HP restored.
A bat is nearby!
You shoot an arrow. The arrow hits the bat.
The bat is moderately wounded.
You shoot an arrow.
The arrow hits the bat but does no damage.
The bat barely misses you. The bat hits you.
You shoot an arrow. The arrow hits the bat!
You kill the bat!
No target in view!
No target in view!
There is a shaft here.
A rat comes into view.
Found a leather armour.
The rat squeaks loudly.
You shoot an arrow.
The arrow hits the rat but does no damage.
You shoot an arrow. The arrow closely misses the rat.
You shoot an arrow. The arrow hits the rat.
You kill the rat!
A bat comes into view.
Your Ranged Weapons skill increases to level 4!
You shoot an arrow. The arrow hits the bat.
The bat is heavily wounded.
You shoot an arrow. The arrow barely misses the bat.
The bat hits you.
You shoot an arrow. The arrow hits the bat.
You kill the bat!
No target in view!
No target in view!
No target in view!
Found a sling.
l - a throwing net
m - a scroll labelled VEIMMO GAAGHOA You open the door.
There is an open door here.
There is an open door here.
There is an escape hatch in the floor here.
You open the door.
There is an open door here.
You see here a +1 pair of gloves.
You start removing your armour.
You continue taking off your +0 pair of gloves. x4
You finish taking off your +0 pair of gloves.
You start putting on your armour.
You continue putting on your +1 pair of gloves. x5
You finish putting on your +1 pair of gloves.
As you open the door, it creaks loudly!
Found 5 stones.
There is an open door here.
You open the door.
There is an open door here.
Partly explored, can't reach some places.
Partly explored, can't reach some places.
There is an open door here.
You see here a +0 short sword.
You see here a +0 leather armour.
There is a stone staircase leading down here.
You climb downwards.
There is a stone staircase leading up here.
You shoot an arrow. The arrow hits the rat.
You kill the rat!
You shoot an arrow. The arrow misses the frilled lizard.
You shoot an arrow.
The arrow barely misses the frilled lizard.
You shoot an arrow. The arrow hits the frilled lizard.
You kill the frilled lizard!
Found a hide-covered altar of Uskayaw.
Found a stone staircase leading up.
An endoplasm comes into view.
Found a scroll labelled LODUAKKOEHU.
You shoot an arrow. The arrow hits the endoplasm.
The endoplasm quivers.
The endoplasm is heavily wounded.
You shoot an arrow. The arrow hits the endoplasm!
You kill the endoplasm!
o - a scroll labelled LODUAKKOEHU
Found a glowing ruby potion.
You open the door.
Found a runed spear.
There is an open door here.
p - a glowing ruby potion
Okay, then.
You see here a +1 spear of flaming.
A giant cockroach comes into view.
You shoot an arrow. The arrow hits the giant cockroach.
The giant cockroach is almost dead.
You shoot an arrow.
The arrow closely misses the giant cockroach.
The giant cockroach bites you.
You shoot an arrow.
The arrow barely misses the giant cockroach.
The giant cockroach closely misses you.
The giant cockroach bites you but does no damage.
You shoot an arrow.
The arrow barely misses the giant cockroach.
The giant cockroach closely misses you.
You shoot an arrow. The arrow hits the giant cockroach.
You kill the giant cockroach!
No target in view!
HP restored.
You see here a giant cockroach corpse.
You see here a giant cockroach corpse.
You enter the shallow water.
Moving in this stuff is going to be slow.
You enter the shallow water.
Moving in this stuff is going to be slow.
You open the door.
You enter the shallow water.
Moving in this stuff is going to be slow. 2 ball pythons come into view.
Found a sling.
Found a stone staircase leading down.
You shoot an arrow. The arrow hits the ball python.
You kill the ball python!
The ball python hisses angrily.
You shoot an arrow.
The arrow closely misses the ball python.
You shoot an arrow. The arrow hits the ball python.
The ball python is moderately wounded.
You shoot an arrow. The arrow hits the ball python.
The ball python is severely wounded.
You shoot an arrow.
The arrow closely misses the ball python.
The ball python misses you. x2
You shoot an arrow.
The arrow barely misses the ball python.
The ball python closely misses you. The ball python grabs you.
The ball python constricts you. The ball python barely misses you.
The ball python constricts you.
You shoot an arrow. The arrow hits the ball python!
You kill the ball python!
You see here a ball python corpse.
A kobold comes into view. It is wielding a +0 whip.
You see here a ball python corpse.
You shoot an arrow. The arrow hits the kobold.
The kobold shouts!
The kobold is severely wounded.
You shoot an arrow. The arrow hits the kobold!
You kill the kobold!
Things that are here:
a +0 whip; a kobold corpse A ball python comes into view.
You shoot an arrow. The arrow hits the ball python.
The ball python hisses angrily.
The ball python is moderately wounded.
You shoot an arrow. The arrow hits the ball python!
You kill the ball python!
No target in view!
A jackal comes into view.
You shoot an arrow. The jackal barks!
The arrow hits the jackal but does no damage.
You hear a bark!
An adder comes into view.
You shoot an arrow. The arrow barely misses the jackal.
The adder hisses angrily.
You shoot an arrow. The arrow barely misses the jackal.
The jackal barely misses you.
You shoot an arrow. The arrow hits the jackal.
The jackal is almost dead.
The jackal bites you but does no damage. x2
Fire: a) +0 shortbow
Press: ? - help, Q - select action, (/) - cycle Shift-Dir - straight line, f - adder, p - jackal
Aim: an adder (46% to hit)
You shoot an arrow. The arrow misses the jackal.
The arrow hits the adder.
The adder is heavily wounded.
The jackal misses you.
The jackal bites you but does no damage.
Fire: a) +0 shortbow
Press: ? - help, Q - select action, (/) - cycle Shift-Dir - straight line, f/p - adder
Aim: an adder (heavily wounded, 46% to hit)
You shoot an arrow. The arrow closely misses the adder.
The adder misses you. The jackal bites you.
The adder bites you but does no damage.
Fire: a) +0 shortbow
Press: ? - help, Q - select action, (/) - cycle Shift-Dir - straight line, f/p - adder
Aim: an adder (heavily wounded, 46% to hit)
You shoot an arrow. The arrow hits the adder.
The adder is almost dead.
The jackal barely misses you. The adder barely misses you.
The jackal misses you.
Fire: a) +0 shortbow
Press: ? - help, Q - select action, (/) - cycle Shift-Dir - straight line, f/p - adder
Aim: an adder (almost dead, 46% to hit)
You shoot an arrow. The arrow misses the adder.
The jackal barely misses you. The adder closely misses you.
The jackal bites you but does no damage.
The adder misses you.
Fire: a) +0 shortbow
Press: ? - help, Q - select action, (/) - cycle Shift-Dir - straight line, f/p - adder
Aim: an adder (almost dead, 46% to hit)
You shoot an arrow. The arrow closely misses the adder.
The jackal barely misses you. The adder closely misses you.
Fire: a) +0 shortbow
Press: ? - help, Q - select action, (/) - cycle Shift-Dir - straight line, f/p - adder
Aim: an adder (almost dead, 46% to hit)
You shoot an arrow. The arrow hits the adder.
You kill the adder!
The jackal bites you but does no damage.
The jackal barely misses you.
You have reached level 3!
Your experience leads to a dramatic increase in your attributes!
Increase (S)trength, (I)ntelligence, or (D)exterity?
You feel agile. x4
You shoot an arrow. The arrow closely misses the jackal.
The jackal closely misses you. x2
You shoot an arrow. The arrow closely misses the jackal.
The jackal bites you. The jackal barely misses you.
You shoot an arrow. The arrow closely misses the jackal.
The jackal barely misses you.
You shoot an arrow.
The arrow hits the jackal but does no damage.
The jackal is almost dead.
The jackal bites you.
The jackal bites you but does no damage.
You shoot an arrow. The arrow closely misses the jackal.
The jackal bites you but does no damage. x2
You shoot an arrow. The arrow hits the jackal.
You kill the jackal!
No target in view!
A bat comes into view.
You shoot an arrow. The arrow hits the bat!
You kill the bat!
HP restored.
A goblin comes into view. It is wielding a +0 dagger.
You shoot an arrow. The arrow hits the goblin.
The goblin is heavily wounded.
You shoot an arrow. The arrow barely misses the goblin.
You shoot an arrow. The arrow hits the goblin!
You kill the goblin!
Found a stone staircase leading up.
Sigmund the Dreaded comes into view.
He is wielding a +0 scythe.
Sigmund shouts!
Sigmund gestures wildly while chanting.
Sigmund flickers and vanishes!
Deactivating autopickup; reactivate with Ctrl-A.
Found a stone staircase leading down.
There is a stone staircase leading down here.
You climb downwards.
Reactivating autopickup.
There is a stone staircase leading up here.
Found a trident.
You see here a +0 trident.
As you open the door, it creaks loudly!
A rat comes into view.
You shoot an arrow. The arrow barely misses the rat.
You shoot an arrow. The arrow hits the rat.
You kill the rat!
There is an open door here.
A ball python comes into view.
The ball python hisses angrily.
You shoot an arrow. The arrow hits the ball python.
The ball python is moderately wounded.
You shoot an arrow. The arrow hits the ball python!
You kill the ball python!
An endoplasm comes into view.
You shoot an arrow. The endoplasm quivers.
The arrow hits the endoplasm.
The endoplasm is severely wounded.
You shoot an arrow. The arrow hits the endoplasm!
You kill the endoplasm!
Found 6 stones.
Found a mace.
A hobgoblin comes into view.
The hobgoblin shouts!
You hear a shout!
A rat comes into view.
You shoot an arrow. The arrow closely misses the hobgoblin.
The rat squeaks loudly.
The arrow hits the rat!
You kill the rat!
You shoot an arrow. The arrow hits the hobgoblin!
You kill the hobgoblin!
Found a stone staircase leading down.
You see here a hobgoblin corpse.
Found a scroll labelled XULEUDEPES.
f - 2 scrolls labelled XULEUDEPES (gained 1)
Found a scroll labelled JIYMACZ GEASA.
Found 15 gold pieces.
You now have 38 gold pieces (gained 9).
An adder comes into view.
A hobgoblin comes into view.
There are monsters nearby!
Unknown command.
Unknown command.
Unknown command.
There is a stone staircase leading down here.
You shoot an arrow. The hobgoblin shouts!
The arrow hits the hobgoblin.
The hobgoblin is heavily wounded.
You shoot an arrow. The arrow hits the hobgoblin.
You kill the hobgoblin!
An adder is nearby!
You shoot an arrow. The arrow closely misses the adder.
The adder hisses angrily.
You shoot an arrow. The arrow hits the adder!
The adder is almost dead.
You shoot an arrow. The arrow barely misses the adder.
The adder bites you but does no damage.
You shoot an arrow.
The arrow hits the adder but does no damage.
The adder is almost dead.
The adder barely misses you.
You shoot an arrow. The arrow barely misses the adder.
The adder misses you. The adder bites you.
You shoot an arrow. The arrow hits the adder.
You kill the adder!
Found a chain mail.
A bat comes into view.
You shoot an arrow. The arrow hits the bat!
You kill the bat!
Found a scroll labelled JIYMACZ GEASA.
q - a scroll labelled JIYMACZ GEASA
Found a stone staircase leading down.
There is a stone staircase leading down here.
r - a ring of ice
h - 2 scrolls labelled QIDWUG TYMPI (gained 1) Key pressed, stopping explore.
There is a stone staircase leading down here.
q - 2 scrolls labelled JIYMACZ GEASA (gained 1)
Found a scale mail.
You now have 44 gold pieces (gained 6).
f - 3 scrolls labelled XULEUDEPES (gained 1)
s - a scroll labelled UCUTEC FOFAURPH You now have 55 gold pieces (gained 11).
Found a stone staircase leading up.
There is a stone staircase leading up here.
You climb upwards.
Level annotation: Sigmund
There is a stone staircase leading down here.
A giant cockroach comes into view.
A giant cockroach is nearby!
A giant cockroach is nearby!
You shoot an arrow. The arrow hits the giant cockroach.
The giant cockroach is moderately wounded.
You shoot an arrow.
The arrow hits the giant cockroach but does no damage.
The giant cockroach is moderately wounded.
You shoot an arrow.
The arrow hits the giant cockroach but does no damage.
The giant cockroach is moderately wounded.
You shoot an arrow.
The arrow closely misses the giant cockroach.
The giant cockroach bites you but does no damage.
You shoot an arrow.
The arrow barely misses the giant cockroach.
The giant cockroach misses you.
You shoot an arrow. The arrow hits the giant cockroach.
The giant cockroach is heavily wounded.
The giant cockroach closely misses you.
You shoot an arrow. The arrow hits the giant cockroach.
You kill the giant cockroach!
No target in view!
You see here a giant cockroach corpse.
Found 14 gold pieces and a scroll labelled NOMUKH XEKH.
Found 4 gold pieces.
k - 2 scrolls labelled NOMUKH XEKH (gained 1)
You now have 69 gold pieces (gained 14).
You now have 73 gold pieces (gained 4).
You open the door.
There is an open door here.
There is an open door here.
You open the door.
There is an open door here.
You open the door.
There is an open door here.
There is an open door here.
There is an open door here.
Found an escape hatch in the ceiling.
Terence the Incautious comes into view.
He is wielding a +0 trident.
Terence shouts!
A ball python comes into view.
You shoot an arrow. The arrow closely misses Terence.
The arrow closely misses the ball python.
The ball python hisses angrily.
You shoot an arrow. The arrow hits Terence.
Terence is moderately wounded.
You shoot an arrow. The arrow barely misses Terence.
The arrow hits the ball python.
You kill the ball python!
Okay, then.
Press: ? - help, v - describe, . - travel
Here: Terence, wielding a +0 trident and wearing a +0 scale mail (moderately wounded)
The floor.
Your movement speed is average.
Your attack delay is about 1.1.
Your damage rating with your +0 shortbow is about 11 (Base 8 x 127% (Dex) x 112% (Skill)).
Unknown command.
Unknown command.
Press: ? - help, v - describe, . - travel
Here: Terence, wielding a +0 trident and wearing a +0 scale mail (moderately wounded)
The floor.
Fire: a) +0 shortbow
Press: ? - help, Q - select action, (/) - cycle Shift-Dir - straight line, f/p - Terence
Aim: Terence, wielding a +0 trident and wearing a +0 scale mail (moderately wounded, 69% to hit)
You shoot an arrow.
The arrow hits Terence but does no damage.
Terence is moderately wounded.
Terence hits you from afar with a +0 trident.
Fire: a) +0 shortbow
Press: ? - help, Q - select action, (/) - cycle Shift-Dir - straight line, f/p - Terence
Aim: Terence, wielding a +0 trident and wearing a +0 scale mail (moderately wounded, 69% to hit)
You shoot an arrow. The arrow closely misses Terence.
Terence barely misses you.
Fire: a) +0 shortbow
Press: ? - help, Q - select action, (/) - cycle Shift-Dir - straight line, f/p - Terence
Aim: Terence, wielding a +0 trident and wearing a +0 scale mail (moderately wounded, 69% to hit)
You shoot an arrow. The arrow closely misses Terence.
Terence barely misses you.
Terence shouts, "ATTACK!!!"
Terence hits you from afar with a +0 trident.
Fire: a) +0 shortbow
Press: ? - help, Q - select action, (/) - cycle Shift-Dir - straight line, f/p - Terence
Aim: Terence, wielding a +0 trident and wearing a +0 scale mail (moderately wounded, 69% to hit)
You shoot an arrow. The arrow barely misses Terence.
Terence misses you.
Fire: a) +0 shortbow
Press: ? - help, Q - select action, (/) - cycle Shift-Dir - straight line, f/p - Terence
Aim: Terence, wielding a +0 trident and wearing a +0 scale mail (moderately wounded, 69% to hit)
You shoot an arrow. The arrow hits Terence.
Terence is moderately wounded.
Terence hits you from afar with a +0 trident.
Fire: a) +0 shortbow
Press: ? - help, Q - select action, (/) - cycle Shift-Dir - straight line, f/p - Terence
Aim: Terence, wielding a +0 trident and wearing a +0 scale mail (moderately wounded, 69% to hit)
You shoot an arrow. The arrow closely misses Terence.
Terence shouts, "Now you die!" Terence misses you.
Fire: a) +0 shortbow
Press: ? - help, Q - select action, (/) - cycle Shift-Dir - straight line, f/p - Terence
Aim: Terence, wielding a +0 trident and wearing a +0 scale mail (moderately wounded, 69% to hit)
You shoot an arrow. The arrow hits Terence.
Terence is severely wounded.
Terence hits you from afar with a +0 trident.
Fire: a) +0 shortbow
Press: ? - help, Q - select action, (/) - cycle Shift-Dir - straight line, f/p - Terence
Aim: Terence, wielding a +0 trident and wearing a +0 scale mail (severely wounded, 69% to hit)
You shoot an arrow. The arrow barely misses Terence.
Terence hits you from afar with a +0 trident.
Terence misses you.
Fire: a) +0 shortbow
Press: ? - help, Q - select action, (/) - cycle Shift-Dir - straight line, f/p - Terence
Aim: Terence, wielding a +0 trident and wearing a +0 scale mail (severely wounded, 69% to hit)
You shoot an arrow. The arrow completely misses Terence.
Terence hits you from afar with a +0 trident.
* * * LOW HITPOINT WARNING * * *
Fire: a) +0 shortbow
Press: ? - help, Q - select action, (/) - cycle Shift-Dir - straight line, f/p - Terence
Aim: Terence, wielding a +0 trident and wearing a +0 scale mail (severely wounded, 69% to hit)
You shoot an arrow. The arrow barely misses Terence.
Terence hits you from afar with a +0 trident.
* * * LOW HITPOINT WARNING * * *
Okay, then.
Fire: a) +0 shortbow
Press: ? - help, Q - select action, (/) - cycle Shift-Dir - straight line, f/p - Terence
Aim: Terence, wielding a +0 trident and wearing a +0 scale mail (severely wounded, 69% to hit)
You shoot an arrow. The arrow hits Terence.
Terence is severely wounded.
Terence barely misses you.
Fire: a) +0 shortbow
Press: ? - help, Q - select action, (/) - cycle Shift-Dir - straight line, f/p - Terence
Aim: Terence, wielding a +0 trident and wearing a +0 scale mail (severely wounded, 69% to hit)
You shoot an arrow. The arrow barely misses Terence.
Terence misses you.
Fire: a) +0 shortbow
Press: ? - help, Q - select action, (/) - cycle Shift-Dir - straight line, f/p - Terence
Aim: Terence, wielding a +0 trident and wearing a +0 scale mail (severely wounded, 69% to hit)
You shoot an arrow. The arrow barely misses Terence.
Terence hits you from afar with a +0 trident!
* * * LOW HITPOINT WARNING * * *
Terence barely misses you.
It was a potion of might.
You feel very mighty all of a sudden.
Terence hits you from afar with a +0 trident.
You die...
Terence says, "Time to find some more victims."

####~~~~~~~####8..8#
######### #....# . ###
.. #.# # ... #.. .
.... #.###.#########
..... #.#.#.##......#
.<....##.#... #......#
.....@.@.#.####......#
#####.##......#......#
... # #.#...........#
.. #.#...........# ##
.. # #.#...........#
#. .###.#
#.#...........#
#.#..... .##
#.#.......##### #.....
..# #.#.......# #...#
..# #.#.......#######


You could see Terence.

Vanquished Creatures
  2 adders
  A dart slug (D:1)
  9 ball pythons
  5 bats
  4 endoplasms
  3 giant cockroaches
  2 goblins
  2 hobgoblins (D:3)
  A jackal (D:2)
  2 frilled lizards
  5 kobolds
  7 rats
43 creatures vanquished.

Notes
Turn   | Place    | Note
-------+----------+-------------------------------------------
     0 | D:1      | jagoly the Demigod Hunter began the quest for the Orb.
     0 | D:1      | Reached XP level 1. HP: 17/17 MP: 3/3
    95 | D:1      | Reached skill level 1 in Stealth
   296 | D:1      | Reached XP level 2. HP: 24/24 MP: 4/4
   464 | D:1      | Reached skill level 4 in Ranged Weapons
   880 | D:2      | Reached XP level 3. HP: 28/29 MP: 5/5
   902 | D:2      | Noticed Sigmund
  1396 | D:2      | Noticed Terence
  1412 | D:2      | HP: 1/30 [Terence/+0 trident (9)]
  1413 | D:2      | Slain by Terence

Illustrated notes

Levels and vault maps discovered:
D:1:      lightli_arrival_quake, layout_basic, grunt_decor_junction,
          minmay_indecisive_spiral
D:2:      wander_river, layout_basic, basic_altar, chequers_hall_statues_y,
          uniq_sigmund, uniq_terence
D:3:      layout_basic, minmay_starry_boxes

Skill      XL: |  1  2 |
---------------+-------+-----
Stealth        | 1 |  1.8
Fighting       | 2 |  2.4
Dodging        | 2 |  2.0
Ranged Weapons | 4 |  4.3

Action                     || total
---------------------------++-------
   Fire: Shortbow          ||   139
    Use: Potion            ||     1
 Armour: Leather armour    ||     2
         Robe              ||    32
  Dodge: Dodged            ||    48
